TOP OF THE 1ST |
Santa Fe HS Chiefs batting - Pitching for Oklahoma City HS Magicians : RHP Steve Browne
|
Pitching: RHP Steve Browne
|
|
Batting: RHB Chris Ledoux
|
0-0: Ball 1-0: SINGLE (Groundball, 6D)
|
Batting: LHB Ken Falcon
|
0-0: Ball 1-0: Called Strike Chris Ledoux is caught stealing 2nd base 1-1: Ball 2-1: Ball 3-1: Reached on error, E7 (Flyball, 7)
|
Batting: SHB Victor Gaines
|
0-0: Ball 1-0: Ball 2-0: Ball 3-0: Called Strike 3-1: Swinging Strike 3-2: Base on Balls Ken Falcon to second
|
Batting: RHB Anthony Scott
|
0-0: SINGLE (Flyball, 9S) Ken Falcon to third Victor Gaines to second
|
Batting: RHB Dave Cooke
|
0-0: Ball 1-0: Ball 2-0: Foul Ball, location: 2F 2-1: Reached on error, E5 (Groundball, 56S) Ken Falcon scores Victor Gaines to third Anthony Scott to second
|
Batting: RHB Juan Bannatyne
|
0-0: Ball 1-0: Ball 2-0: Ball 3-0: Base on Balls Victor Gaines scores Anthony Scott to third Dave Cooke to second
|
Batting: RHB Stanley Austin
|
0-0: Fly out, F8 (Line Drive, 89D) Runner from 3rd tags up, SCORES, no throw
|
Batting: SHB Greg Ayers
|
0-0: Ball 1-0: Swinging Strike 1-1: Foul Ball, location: 2F 1-2: Foul Ball, location: 2F 1-2: Ball 2-2: Ball 3-2: Strikes out swinging
|
Top of the 1st over - 3 runs, 2 hits, 2 errors, 2 left on base; Santa Fe HS 3 - Oklahoma City HS 0 |
BOTTOM OF THE 1ST |
Oklahoma City HS Magicians batting - Pitching for Santa Fe HS Chiefs : LHP Brent Locke
|
Pitching: LHP Brent Locke
|
|
Batting: LHB Pablo Fuentes
|
0-0: Ball 1-0: Ball 2-0: Foul Ball, location: 2F 2-1: Foul Ball, location: 2F 2-2: TRIPLE (Line Drive, 89XD)
|
Batting: LHB Todd Davis
|
0-0: Hit by Pitch
|
Batting: RHB Ken Wallace
|
0-0: Ball 1-0: Ball 2-0: Ball 3-0: Called Strike 3-1: Fly out, F9 (Flyball, 89M) Runner from 3rd tags up, SCORES, throw made
|
Now in RF: Ken Walters
|
|
Batting: LHB Marcus Hussey
|
0-0: Ball 1-0: Called Strike 1-1: SINGLE (Groundball, 34S) (infield hit) Todd Davis to second
|
Batting: RHB Edward Allen
|
0-0: SINGLE (Flyball, 9LS) Todd Davis to third Marcus Hussey to second Throwing error, E9 Todd Davis scores Marcus Hussey to third Edward Allen to second
|
Batting: RHB Drew Richardson
|
0-0: Fly out, F8 (Flyball, 8LD) Runner from 3rd tags up, SCORES, throw made
|
Batting: RHB Mark Wortham
|
0-0: Swinging Strike 0-1: Ball 1-1: Foul Ball, location: 2F 1-2: Ball 2-2: Ground out 1-3 (Groundball, 13)
|
Bottom of the 1st over - 3 runs, 3 hits, 1 error, 1 left on base; Santa Fe HS 3 - Oklahoma City HS 3 |
TOP OF THE 2ND |
Santa Fe HS Chiefs batting - Pitching for Oklahoma City HS Magicians : RHP Steve Browne
|
Batting: RHB Bruce Cunningham
|
0-0: Called Strike 0-1: Ground out 6-3 (Groundball, 6)
|
Batting: RHB Chris Ledoux
|
0-0: Ball 1-0: Ball 2-0: Foul Ball, location: 2F 2-1: Ball 3-1: Base on Balls
|
Batting: RHB Ken Walters
|
0-0: Ball 1-0: Ball 2-0: Foul Ball, location: 2F 2-1: Foul Ball, location: 2F 2-2: Fly out, F6 (Flyball, 56D)
|
Batting: SHB Victor Gaines
|
0-0: Called Strike 0-1: Ball 1-1: Called Strike 1-2: Foul Ball, location: 2F 1-2: Ball 2-2: Ball 3-2: Base on Balls Chris Ledoux to second
|
Batting: RHB Anthony Scott
|
0-0: Foul Ball, location: 2F 0-1: Ball 1-1: Ball 2-1: Swinging Strike 2-2: Strikes out swinging
|
Top of the 2nd over - 0 runs, 0 hits, 0 errors, 2 left on base; Santa Fe HS 3 - Oklahoma City HS 3 |
BOTTOM OF THE 2ND |
Oklahoma City HS Magicians batting - Pitching for Santa Fe HS Chiefs : LHP Brent Locke
|
Batting: LHB Jason Thomas
|
0-0: Ball 1-0: Ball 2-0: Ball 3-0: Called Strike 3-1: Called Strike 3-2: Foul Ball, location: 2F 3-2: Foul Ball, location: 2F 3-2: Foul Ball, location: 2F 3-2: Base on Balls
|
Batting: LHB Brian Bennett
|
0-0: Ball 1-0: Called Strike 1-1: Fly out, F9 (Flyball, 9S)
|
Batting: LHB Pablo Fuentes
|
0-0: Ball 1-0: Fly out, F5 (Popup, 5SF)
|
Batting: LHB Todd Davis
|
0-0: Ground out 4-3 (Groundball, 4)
|
Bottom of the 2nd over - 0 runs, 0 hits, 0 errors, 1 left on base; Santa Fe HS 3 - Oklahoma City HS 3 |
TOP OF THE 3RD |
Santa Fe HS Chiefs batting - Pitching for Oklahoma City HS Magicians : RHP Steve Browne
|
Batting: RHB Dave Cooke
|
0-0: Called Strike 0-1: Ball 1-1: Ball 2-1: Foul Ball, location: 2F 2-2: Strikes out swinging
|
Batting: RHB Juan Bannatyne
|
0-0: Foul Ball, location: 2F 0-1: Ground out 6-3 (Groundball, 6S)
|
Batting: RHB Stanley Austin
|
0-0: Ball 1-0: Swinging Strike 1-1: Reached on error, E4 (Groundball, 4)
|
Batting: SHB Greg Ayers
|
0-0: Ball Stanley Austin steals 2nd base 1-0: Ball 2-0: Ball 3-0: Base on Balls
|
Batting: RHB Bruce Cunningham
|
0-0: Ball 1-0: Foul Ball, location: 2F 1-1: Foul Ball, location: 2F 1-2: Foul Ball, location: 2F 1-2: Ball 2-2: Reached on error, E6 (Groundball, 6MS) Stanley Austin to third Greg Ayers to second
|
Batting: RHB Chris Ledoux
|
0-0: SINGLE (Groundball, 56D) Stanley Austin scores Greg Ayers to third Bruce Cunningham to second Runner from 3rd tries for Home, SAFE, no throw
|
Batting: RHB Ken Walters
|
0-0: Ball Passed Ball! Bruce Cunningham to third Chris Ledoux to second 1-0: Called Strike 1-1: Ball 2-1: Swinging Strike 2-2: Strikes out swinging
|
Top of the 3rd over - 2 runs, 1 hit, 2 errors, 2 left on base; Santa Fe HS 5 - Oklahoma City HS 3 |
BOTTOM OF THE 3RD |
Oklahoma City HS Magicians batting - Pitching for Santa Fe HS Chiefs : LHP Brent Locke
|
Batting: RHB Ken Wallace
|
0-0: Ground out 6-3 (Groundball, 6)
|
Batting: LHB Marcus Hussey
|
0-0: Ball 1-0: Swinging Strike 1-1: Ball 2-1: Ball 3-1: Fly out, F7 (Flyball, 78M)
|
Batting: RHB Edward Allen
|
0-0: Swinging Strike 0-1: Fly out, F5 (Popup, 56S)
|
Bottom of the 3rd over - 0 runs, 0 hits, 0 errors, 0 left on base; Santa Fe HS 5 - Oklahoma City HS 3 |
TOP OF THE 4TH |
Santa Fe HS Chiefs batting - Pitching for Oklahoma City HS Magicians : RHP Steve Browne
|
Pitching: LHP Bill Frazier
|
|
Batting: SHB Victor Gaines
|
0-0: DOUBLE (Line Drive, 78XD)
|
Batting: RHB Anthony Scott
|
0-0: Called Strike 0-1: Ball 1-1: Ball 2-1: Foul Ball, location: 2F 2-2: Ball 3-2: Fly out, F4 (Popup, 3D)
|
Batting: RHB Dave Cooke
|
0-0: Ball 1-0: Called Strike 1-1: Ball 2-1: Foul Ball, location: 2F 2-2: Ball 3-2: Base on Balls
|
Batting: RHB Juan Bannatyne
|
0-0: Ball 1-0: Foul Ball, location: 2F 1-1: Ball 2-1: Fielders Choice at 2nd, 5-4 (Groundball, 56) Victor Gaines to third
|
Batting: RHB Stanley Austin
|
0-0: Called Strike 0-1: Fielders Choice at 2nd, 6-4 (Groundball, 6)
|
Top of the 4th over - 0 runs, 1 hit, 0 errors, 2 left on base; Santa Fe HS 5 - Oklahoma City HS 3 |
BOTTOM OF THE 4TH |
Oklahoma City HS Magicians batting - Pitching for Santa Fe HS Chiefs : LHP Brent Locke
|
Batting: RHB Drew Richardson
|
0-0: Called Strike 0-1: Ball 1-1: Swinging Strike 1-2: Strikes out swinging
|
Batting: RHB Mark Wortham
|
0-0: Ball 1-0: Ball 2-0: SINGLE (Groundball, 6D)
|
Batting: LHB Jason Thomas
|
0-0: Swinging Strike 0-1: SINGLE (Line Drive, 78M) Mark Wortham to second
|
Batting: LHB Brian Bennett
|
0-0: Foul Ball, location: 2F 0-1: 3-RUN HOME RUN (Flyball, 9D), Distance : 368 ft
|
Batting: LHB Pablo Fuentes
|
0-0: Ball 1-0: Fly out, F6 (Line Drive, 6)
|
Batting: LHB Todd Davis
|
0-0: Ball 1-0: Ball 2-0: Called Strike 2-1: Ball 3-1: Base on Balls
|
Batting: RHB Ken Wallace
|
0-0: Foul Ball, location: 2F 0-1: SINGLE (Groundball, 56S) (infield hit) Todd Davis to second
|
Batting: LHB Marcus Hussey
|
0-0: Ball 1-0: Fly out, F7 (Flyball, 7LM)
|
Bottom of the 4th over - 3 runs, 4 hits, 0 errors, 2 left on base; Santa Fe HS 5 - Oklahoma City HS 6 |
TOP OF THE 5TH |
Santa Fe HS Chiefs batting - Pitching for Oklahoma City HS Magicians : LHP Bill Frazier
|
Batting: SHB Greg Ayers
|
0-0: Ball 1-0: Ball 2-0: Foul Ball, location: 2F 2-1: Called Strike 2-2: Strikes out swinging
|
Batting: RHB Bruce Cunningham
|
0-0: Called Strike 0-1: Ball 1-1: Ball 2-1: Ball 3-1: Foul Ball, location: 2F 3-2: Base on Balls
|
Batting: RHB Chris Ledoux
|
0-0: Called Strike 0-1: Ball 1-1: Ball 2-1: Ball 3-1: Base on Balls Bruce Cunningham to second
|
Batting: RHB Ken Walters
|
0-0: Ball 1-0: Ball 2-0: Fly out, F7 (Flyball, 7)
|
Batting: SHB Victor Gaines
|
0-0: Ball 1-0: Foul Ball, location: 2F 1-1: Fly out, F8 (Line Drive, 8LD)
|
Top of the 5th over - 0 runs, 0 hits, 0 errors, 2 left on base; Santa Fe HS 5 - Oklahoma City HS 6 |
BOTTOM OF THE 5TH |
Oklahoma City HS Magicians batting - Pitching for Santa Fe HS Chiefs : LHP Brent Locke
|
Batting: RHB Edward Allen
|
0-0: Ball 1-0: Ground out 5-3 (Groundball, 5)
|
Batting: RHB Drew Richardson
|
0-0: Called Strike 0-1: Called Strike 0-2: Foul Ball, location: 2F 0-2: SOLO HOME RUN (Flyball, 9LD), Distance : 325 ft
|
Batting: RHB Mark Wortham
|
0-0: Ball 1-0: Ball 2-0: Ball 3-0: Base on Balls
|
Pitching: RHP Cris Soto
|
|
Batting: LHB Jason Thomas
|
0-0: Foul Ball, location: 2F 0-1: Foul Ball, location: 2F 0-2: Foul Ball, location: 2F 0-2: Ground out 5-3 (Groundball, 56S) Mark Wortham to second
|
Batting: LHB Brian Bennett
|
0-0: Ball 1-0: Ground out 4-3 (Groundball, 4)
|
Bottom of the 5th over - 1 run, 1 hit, 0 errors, 1 left on base; Santa Fe HS 5 - Oklahoma City HS 7 |
TOP OF THE 6TH |
Santa Fe HS Chiefs batting - Pitching for Oklahoma City HS Magicians : LHP Bill Frazier
|
Pitching: RHP António Quintero
|
|
Batting: RHB Anthony Scott
|
0-0: Ball 1-0: Ball 2-0: Called Strike 2-1: Foul Ball, location: 2F 2-2: Ground out 6-3 (Groundball, 56)
|
Batting: RHB Dave Cooke
|
0-0: Ball 1-0: Called Strike 1-1: Foul Ball, location: 2F 1-2: Ball 2-2: Ball 3-2: Hit by Pitch
|
Batting: RHB Juan Bannatyne
|
0-0: Ball 1-0: Called Strike 1-1: Foul Ball, location: 2F 1-2: Strikes out looking
|
Batting: RHB Stanley Austin
|
0-0: Ball Dave Cooke is caught stealing 2nd base
|
Top of the 6th over - 0 runs, 0 hits, 0 errors, 0 left on base; Santa Fe HS 5 - Oklahoma City HS 7 |
BOTTOM OF THE 6TH |
Oklahoma City HS Magicians batting - Pitching for Santa Fe HS Chiefs : RHP Cris Soto
|
Batting: LHB Pablo Fuentes
|
0-0: Ball 1-0: Called Strike 1-1: Ball 2-1: TRIPLE (Flyball, 78D)
|
Batting: LHB Todd Davis
|
0-0: Ball 1-0: Called Strike 1-1: Ball 2-1: Called Strike 2-2: Foul Ball, location: 2F 2-2: Foul Ball, location: 2F 2-2: Ball 3-2: Fly out, F9 (Flyball, 89S) Runner from 3rd tags up, SCORES, no throw
|
Batting: RHB Ken Wallace
|
0-0: Ball 1-0: Called Strike 1-1: Ball 2-1: Foul Ball, location: 2F 2-2: Reached on error, E8 (Line Drive, 8LM)
|
Batting: LHB Marcus Hussey
|
0-0: Intentional Walk
|
Batting: RHB Edward Allen
|
0-0: Foul Ball, location: 2F 0-1: Ball 1-1: Called Strike 1-2: Ball 2-2: Foul Ball, location: 2F 2-2: Strikes out swinging
|
Batting: RHB Drew Richardson
|
0-0: Swinging Strike 0-1: Called Strike 0-2: Strikes out looking
|
Bottom of the 6th over - 1 run, 1 hit, 1 error, 2 left on base; Santa Fe HS 5 - Oklahoma City HS 8 |
TOP OF THE 7TH |
Santa Fe HS Chiefs batting - Pitching for Oklahoma City HS Magicians : RHP António Quintero
|
Batting: RHB Stanley Austin
|
0-0: DOUBLE (Line Drive, 78D)
|
Batting: SHB Greg Ayers
|
0-0: Ball 1-0: 2-RUN HOME RUN (Flyball, 9D), Distance : 360 ft
|
Pitching: RHP Juan González
|
|
Batting: RHB Bruce Cunningham
|
0-0: Ball 1-0: Ball 2-0: Foul Ball, location: 2F 2-1: Called Strike 2-2: Ball 3-2: Strikes out swinging
|
Batting: RHB Chris Ledoux
|
0-0: Ball 1-0: Foul Ball, location: 2F 1-1: DOUBLE (Line Drive, 8RD)
|
Batting: RHB Ken Walters
|
0-0: Ball 1-0: Called Strike 1-1: Swinging Strike 1-2: Fly out, F7 (Line Drive, 7D)
|
Batting: SHB Victor Gaines
|
0-0: Foul Ball, location: 2F 0-1: Ball 1-1: Ground out U3 (Groundball, 3S)
|
Top of the 7th over - 2 runs, 3 hits, 0 errors, 1 left on base; Santa Fe HS 7 - Oklahoma City HS 8 |
BOTTOM OF THE 7TH |
Oklahoma City HS Magicians batting - Pitching for Santa Fe HS Chiefs : RHP Cris Soto
|
Batting: RHB Mark Wortham
|
0-0: Ball 1-0: Ball 2-0: Ball 3-0: Called Strike 3-1: Base on Balls
|
Batting: LHB Jason Thomas
|
0-0: Ball 1-0: Bunt missed! 1-1: Sac Bunt - play at first, batter OUT! 2-4 Mark Wortham to second
|
Pinch Hitting: SHB Ron Robinson
|
0-0: Called Strike 0-1: Ball 1-1: Ball 2-1: SINGLE (Line Drive, 6) Mark Wortham to third Runner from 3rd tries for Home, SAFE, throw made home Ron Robinson to second
|
Pitching: LHP Elvis Alexander
|
|
Batting: LHB Pablo Fuentes
|
0-0: Ball 1-0: Ball 2-0: Swinging Strike 2-1: Foul Ball, location: 2F 2-2: Foul Ball, location: 2F 2-2: Foul Ball, location: 2F 2-2: Ball 3-2: Strikes out swinging
|
Batting: LHB Todd Davis
|
0-0: Ball 1-0: Ball 2-0: Called Strike 2-1: Foul Ball, location: 2F 2-2: SINGLE (Line Drive, 9LS) Ron Robinson to third
|
Batting: RHB Ken Wallace
|
0-0: Ball 1-0: Called Strike 1-1: Fly out, F7 (Flyball, 78M)
|
Bottom of the 7th over - 1 run, 2 hits, 0 errors, 2 left on base; Santa Fe HS 7 - Oklahoma City HS 9 |
TOP OF THE 8TH |
Santa Fe HS Chiefs batting - Pitching for Oklahoma City HS Magicians : RHP Juan González
|
Now at 2B: Billy Newcomer
|
|
Batting: RHB Anthony Scott
|
0-0: Called Strike 0-1: Called Strike 0-2: Ball 1-2: Fly out, F5 (Line Drive, 56S)
|
Batting: RHB Dave Cooke
|
0-0: Called Strike 0-1: Foul Ball, location: 2F 0-2: Strikes out swinging
|
Batting: RHB Juan Bannatyne
|
0-0: Called Strike 0-1: Ball 1-1: Ball 2-1: Ball 3-1: Called Strike 3-2: Base on Balls
|
Batting: RHB Stanley Austin
|
0-0: Ball 1-0: Called Strike 1-1: Called Strike 1-2: Fly out, F8 (Flyball, 8LD)
|
Top of the 8th over - 0 runs, 0 hits, 0 errors, 1 left on base; Santa Fe HS 7 - Oklahoma City HS 9 |
BOTTOM OF THE 8TH |
Oklahoma City HS Magicians batting - Pitching for Santa Fe HS Chiefs : LHP Elvis Alexander
|
Batting: LHB Marcus Hussey
|
0-0: Ball 1-0: Foul Ball, location: 2F 1-1: Ball 2-1: Ball 3-1: Foul Ball, location: 2F 3-2: Base on Balls
|
Batting: RHB Edward Allen
|
0-0: Called Strike 0-1: Ball 1-1: Swinging Strike 1-2: Ball 2-2: Ball 3-2: Base on Balls Marcus Hussey to second
|
Batting: RHB Drew Richardson
|
0-0: Ball 1-0: Fielders Choice at 3rd, U5 (Groundball, 5L) Edward Allen to second
|
Batting: RHB Mark Wortham
|
0-0: SINGLE (Flyball, 8RS) Edward Allen to third Drew Richardson to second Runner from 3rd tries for Home, SAFE, throw made home
|
Batting: LHB Jason Thomas
|
0-0: Called Strike 0-1: Ball 1-1: Ball 2-1: SINGLE (Groundball, 3D) Drew Richardson to third Mark Wortham to second
|
Batting: RHB Billy Newcomer
|
0-0: Foul Ball, location: 2F 0-1: Fly out, F7 (Flyball, 7S)
|
Batting: LHB Pablo Fuentes
|
0-0: Ball 1-0: Ball 2-0: Ground out 5-3 (Groundball, 56)
|
Bottom of the 8th over - 1 run, 2 hits, 0 errors, 3 left on base; Santa Fe HS 7 - Oklahoma City HS 10 |
TOP OF THE 9TH |
Santa Fe HS Chiefs batting - Pitching for Oklahoma City HS Magicians : RHP Juan González
|
Pitching: RHP Carlos Días
|
|
Batting: SHB Greg Ayers
|
0-0: Called Strike 0-1: Called Strike 0-2: Ball 1-2: Ball 2-2: Strikes out swinging
|
Batting: RHB Bruce Cunningham
|
0-0: Foul Ball, location: 2F 0-1: Ball 1-1: Called Strike 1-2: Reached on error, E6 (Groundball, 6)
|
Batting: RHB Chris Ledoux
|
0-0: Ball 1-0: Fly out, F9 (Flyball, 89D)
|
Batting: RHB Ken Walters
|
0-0: Foul Ball, location: 2F 0-1: Foul Ball, location: 2F 0-2: Ball 1-2: Strikes out swinging
|
Top of the 9th over - 0 runs, 0 hits, 1 error, 1 left on base; Santa Fe HS 7 - Oklahoma City HS 10 |
|